 Dungeon Crawl Stone Soup version 0.22-b1-26-g9dbaab1 (webtiles) character file.

206 lorenzova the Conjurer (level 5, -1/28 HPs)
             Began as a Deep Elf Conjurer on Aug 7, 2018.
             Slain by an ogre
             ... wielding a +0 giant club
              (29 damage)
             ... on level 4 of the Dungeon.
             The game lasted 00:04:30 (3272 turns).

lorenzova the Conjurer (Deep Elf Conjurer)          Turns: 3272, Time: 00:04:30

Health: -1/28      AC:  2    Str:  5    XL:     5   Next: 53%
Magic:  15/15      EV: 13    Int: 21    God:
Gold:   130        SH:  0    Dex: 15    Spells: 8/15 levels left

rFire    . . .     SeeInvis .   m - +0 falchion (holy)
rCold    . . .     Gourm    +   (no shield)
rNeg     + . .     Faith    .   a - +0 robe
rPois    .         Spirit   .   (no helmet)
rElec    .         Reflect  .   (no cloak)
rCorr    .         Harm     .   (no gloves)
MR       .....                  (no boots)
Stlth    ++........             l - amulet of the gourmand
HPRegen  0.09/turn              j - ring of positive energy
MPRegen  0.14/turn              (no ring)

@: no status effects
A: no striking features
a: no special abilities


You were on level 4 of the Dungeon.
You were near starving.

You visited 1 branch of the dungeon, and saw 4 of its levels.

You collected 130 gold pieces.

Inventory:

Hand Weapons
 m - a +0 falchion of holy wrath (weapon)
Armour
 a - a +0 robe (worn)
Jewellery
 j - a ring of positive energy (left hand)
 l - an amulet of the gourmand (around neck)
Scrolls
 f - a scroll of enchant armour {unknown}
 k - 2 scrolls of blinking {unknown}
 n - a scroll of magic mapping {unknown}
 o - a scroll of immolation {unknown}
 r - a scroll of enchant weapon {unknown}
 s - 3 scrolls of remove curse {unknown}
 t - a scroll of teleportation {unknown}
Potions
 b - a potion of lignification {unknown}
 d - 3 potions of haste
 e - 3 potions of agility {unknown}
 g - 2 potions of invisibility {unknown}
 h - a potion of degeneration {unknown}
 i - 2 potions of heal wounds {unknown}
 p - a potion of berserk rage {unknown}
 q - a potion of might {unknown}
Comestibles
 c - 2 rations


   Skills:
 - Level 2.4 Dodging
 - Level 2.4 Stealth
 + Level 5.9 Spellcasting
 + Level 6.1 Conjurations


You had 8 spell levels left.
You knew the following spells:

 Your Spells              Type           Power        Failure   Level  Hunger
a - Magic Dart            Conj           ####         1%          1    None
b - Searing Ray           Conj           ####..       1%          2    None
c - Iskenderun's Mystic   Conj           ####....     8%          4    ####...

Your spell library contained the following spells:

 Spells                   Type           Power        Failure   Level  Hunger
 Fulminant Prism          Conj/Hex       ###.......   28%         4    ####...
 Dazzling Spray           Conj/Hex       ###...       9%          3    ##.....
 Force Lance              Conj/Tloc      ###.....     28%         4    ####...


Dungeon Overview and Level Annotations

Branches:
Dungeon (4/15)
 Temple: D:4-7

Altars:


Message History

k - 2 scrolls labeled NOIMUG GODUAJ (gained 1)
You open the door.
There is an open door here.
You open the door.
There is an open door here.
There is an open door here.
Key pressed, stopping explore.
You open the door.
There is an open door here.
f - a scroll labeled PONGETIASM
There is an open door here.
Key pressed, stopping explore.
t - a scroll labeled VUINEA YBAS You open the door.
An ogre comes into view. It is wielding a giant club.
The ogre shouts!
There is an open door here.
The ogre hits you with a giant club!!
Ouch! That really hurt!
You die...

... .. .. .#######
.......#
##+##......#
#...O......# .#
#...#@.....# .#
.......#......# .#
.......#......# .#
.......#......# .#
..##...#......# .. .
#...#......# .g
....#......#########
#..............#
#..............#


You could see an ogre.

Vanquished Creatures
  A bullfrog zombie (D:3)
  A hound (D:2)
  8 adders
  An ooze (D:3)
  A worm (D:4)
  A dart slug (D:1)
  2 leopard geckos
  An orc (D:3)
  4 giant cockroaches
  4 goblins
  5 hobgoblins
  11 jackals
  7 kobolds
  4 quokkas (D:2)
  5 bats
  5 frilled lizards
  5 rats
66 creatures vanquished.

Notes
Turn   | Place    | Note
-------+----------+-------------------------------------------
     0 | D:1      | lorenzova the Deep Elf Conjurer began the quest for the Orb.
     0 | D:1      | Reached XP level 1. HP: 10/10 MP: 6/6
   165 | D:1      | Reached XP level 2. HP: 15/15 MP: 0/8
   240 | D:1      | Learned a level 2 spell: Searing Ray
   953 | D:2      | Reached XP level 3. HP: 19/19 MP: 0/10
  1006 | D:2      | Reached skill level 5 in Conjurations
  1190 | D:2      | Reached XP level 4. HP: 11/24 MP: 2/12
  1278 | D:2      | Learned a level 4 spell: Iskenderun's Mystic Blast
  1494 | D:2      | Reached skill level 5 in Spellcasting
  2316 | D:3      | Reached XP level 5. HP: 24/28 MP: 8/15
  2576 | D:3      | Reached skill level 6 in Conjurations
  3271 | D:4      | Noticed an ogre
  3272 | D:4      | Slain by an ogre

Skill      XL: |  1  2  3  4  5 |
---------------+----------------+-----
Spellcasting   | 4 5 |  5.9
Conjurations   | 5 6 |  6.1
Dodging        | |  2.4
Stealth        | |  2.4

Action                   |  1- 3 |  4- 6 || total
-------------------------+-------+-------++-------
Melee: Unarmed           |     3 |       ||     3
       Falchion          |       |     3 ||     3
 Cast: Magic Dart        |    65 |    69 ||   134
       Searing Ray       |       |     1 ||     1
  Use: Scroll            |       |     2 ||     2
 Stab: Sleeping          |       |     1 ||     1
  Eat: Chunk             |     1 |     4 ||     5
Armor: Robe              |     2 |     3 ||     5
Dodge: Dodged            |     7 |    16 ||    23
       Rpst.: Falchion   |       |     1 ||     1
